 Dungeon Crawl Stone Soup version 0.28-a0-503-g83f2989fac (webtiles) character file.

Game seed: 16543458336644412778

289 Umoon the Sneak (level 6, -1/36 HPs)
             Began as a Vampire Gladiator on Sept 21, 2021.
             Slain by a phantom (7 damage)
             ... on level 3 of the Dungeon.
             The game lasted 00:04:54 (3421 turns).

Umoon the Sneak (Vampire Gladiator)                 Turns: 3421, Time: 00:04:55

Health: -1/36      AC:  6    Str: 15    XL:     6   Next: 9%
Magic:  6/6        EV: 12    Int: 10    God:
Gold:   133        SH:  0    Dex: 16    Spells: 5/5 levels left

rFire   . . .      SeeInvis +   h - +4 short sword
rCold   + + .      Faith    .   (no shield)
rNeg    + + +      Spirit   .   l - +0 ring mail
rPois   ∞          Reflect  .   c - +0 helmet
rElec   .          Harm     .   (no cloak)
rCorr   .          Rampage  .   (no gloves)
Will    .....                   (no boots)
Stlth   ++++......              (no amulet)
HPRegen 0.00/turn               (no ring)
MPRegen 0.10/turn               (no ring)

@: bloodless, inhibited regen
A: bloodless, fangs 3, see invisible, vampiric 2
a: Bat Form, Revivify


You were on level 3 of the Dungeon.
You visited 1 branch of the dungeon, and saw 4 of its levels.

You collected 133 gold pieces.

Inventory:

Hand Weapons
 a - a +0 rapier
 h - a +4 short sword (weapon)
Missiles
 d - 3 throwing nets (quivered)
Armour
 b - a +0 leather armour
 c - a +0 helmet (worn)
 l - a +0 ring mail (worn)
 q - a +0 kite shield
 r - a +0 chain mail
Jewellery
 u - a ring of magical power
Scrolls
 f - 2 scrolls of noise
 i - 3 scrolls of magic mapping
 j - a scroll of vulnerability
 k - a scroll of immolation
 o - 2 scrolls of teleportation
 s - a scroll of brand weapon {unknown}
 t - 2 scrolls of identify
Potions
 e - a potion of degeneration {unknown}
 g - a potion of brilliance {unknown}
 m - 3 potions of curing {unknown}
 n - 2 potions of invisibility {unknown}
 p - 2 potions of flight {unknown}


   Skills:
 + Level 2.9 Fighting
 + Level 4.2 Short Blades
 - Level 1.5 Throwing
 + Level 1.8 Armour
 + Level 4.2 Dodging
 * Level 5.2 Stealth


You had 5 spell levels left.
You didn't know any spells.
Your spell library contained the following spells:

 Spells                   Type           Power      Damage    Failure   Level
 Passwall                 Tmut/Erth      0%         N/A       73%         2
 Gell's Gravitas          Tloc           0%         N/A       91%         3
 Swiftness                Air            0%         N/A       91%         3
 Teleport Other           Tloc           0%         N/A       91%         3
 Dispersal                Tloc           0%         N/A       100%        6
 Invisibility             Hex            0%         N/A       100%        6


Dungeon Overview and Level Annotations

Branches:
Dungeon (4/15)
 Temple: D:4-7

Altars:
Makhleb


Innate Abilities, Weirdness & Mutations

You do not regenerate when monsters are visible.
You are frail without blood (-20% HP).
You can heal yourself when you bite living creatures.
You are immune to poison.
You have razor-sharp teeth.
You have supernaturally acute eyesight. (SInv)
You are afflicted with vampirism and can become a bat while bloodless.


Message History

You hit the phantom but do no damage. The phantom hits you.
A gnoll comes into view. It is wielding a +0 club.
The phantom closely misses you.
A dart slug comes into view.
The phantom closely misses you. The dart slug launches a dart at you.
The slug dart hits you. The jackal skeleton barely misses you.
There is a stone staircase leading up here.
The phantom closely misses you. The dart slug launches a dart at you.
The slug dart hits you but does no damage.
The jackal skeleton bites you but does no damage.
You climb upwards.
There is a stone staircase leading down here.
You puncture the phantom!
The phantom is moderately damaged.
The phantom misses you.
You hit the phantom.
The phantom is heavily damaged.
The phantom hits you.
The phantom blinks!
You blink.
The phantom barely misses you. The phantom hits you. The phantom hits you.
The phantom blinks!
You blink.
You are too injured to fight recklessly!
You are too injured to fight recklessly!
You miss the phantom. You bite the phantom, but do no damage.
The phantom is heavily damaged.
The phantom misses you.
You closely miss the phantom. Your bite misses the phantom.
The phantom is heavily damaged.
The phantom hits you!
* * * LOW HITPOINT WARNING * * *
You hit the phantom.
The phantom is severely damaged.
The phantom hits you but does no damage.
You hit the phantom. You bite the phantom.
The phantom is severely damaged.
The phantom hits you!
You die...

##................####
#>................+...
##....###.........####
##.#.# #.............
#.#.# #.#.....######
#.#.###.##...##
#.......###'##
###.##### #.#
#####@#...# #.########
#...W.....###...<....#
#.###.#...##...#####.#
#.##............#.....
#.##..............##.#
#.##>).........#####.#
#.........###.)#####.#
#######...# #........#
#...# #.########


You could see a phantom.

Vanquished Creatures
  A jelly (D:2)
  Natasha (thrice) (D:2)
  An orc wizard (D:3)
  Terence (D:3)
  5 gnolls
  2 adders
  A worm (D:2)
  2 dart slugs
  5 orcs
  9 ball pythons
  5 bats
  9 endoplasms
  4 goblins
  4 hobgoblins
  2 jackals (D:4)
  2 quokkas
  2 frilled lizards
  5 kobolds
  4 rats
67 creatures vanquished.

Notes
Turn   | Place    | Note
-------+----------+-------------------------------------------
     0 | D:1      | Umoon the Vampire Gladiator began the quest for the Orb.
     0 | D:1      | Reached XP level 1. HP: 16/16 MP: 1/1
   136 | D:1      | Reached skill level 1 in Stealth
   348 | D:1      | Reached XP level 2. HP: 15/17 MP: 2/2
   513 | D:1      | Reached skill level 2 in Stealth
   766 | D:1      | Gained mutation: You are afflicted with vampirism and can
                  | become a bat while bloodless. [Vampire growth]
   766 | D:1      | Reached XP level 3. HP: 13/21 MP: 3/3
   969 | D:2      | Noticed Natasha
   973 | D:2      | Killed Natasha
   974 | D:2      | Reached skill level 1 in Armour
   974 | D:2      | Reached skill level 3 in Stealth
  1101 | D:2      | Reached XP level 4. HP: 20/27 MP: 4/4
  1209 | D:2      | Reached skill level 4 in Stealth
  1566 | D:2      | Reached XP level 5. HP: 31/31 MP: 5/5
  1568 | D:2      | Noticed Natasha
  1580 | D:2      | Killed Natasha
  1801 | D:2      | Found a burning altar of Makhleb.
  2259 | D:2      | Noticed Natasha
  2276 | D:2      | Killed Natasha
  2435 | D:2      | Reached skill level 5 in Stealth
  2529 | D:3      | Noticed Terence
  2541 | D:3      | Killed Terence
  2917 | D:3      | Reached XP level 6. HP: 36/36 MP: 6/6
  2947 | D:3      | Found a faded altar of an unknown god.
  3421 | D:3      | Slain by a phantom

Illustrated notes

Levels and vault maps discovered:
D:1:      tarquinn_simple_flora_water_a, layout_basic, minmay_tetromino_s2
D:2:      layout_basic, basic_altar, minmay_between, uniq_natasha
D:3:      layout_loops_corners, hellmonk_ecumenical_altar_run_dry,
          minmay_misc_feat_secret_circle, uniq_terence
D:4:      layout_cave_pools, nicolae_vehumet_altar_sigil

Skill      XL: |  1  2  3  4  5 |
---------------+----------------+-----
Stealth        | 1 2 3 4 5 |  5.2
Fighting       | 2 |  2.9
Armour         | 1 |  1.8
Short Blades   | 4 |  4.2
Dodging        | 4 |  4.2
Throwing       | |  1.5

Action                   |  1- 3 |  4- 6 || total
-------------------------+-------+-------++-------
Melee: Short sword       |    38 |   121 ||   159
       Rapier            |     3 |       ||     3
       Bite              |     6 |    14 ||    20
 Abil: Exsanguinate      |     1 |       ||     1
  Use: Scroll            |       |     5 ||     5
 Stab: Sleeping          |     7 |    13 ||    20
Armor: Ring mail         |     9 |    31 ||    40
       Leather armour    |     2 |       ||     2
Dodge: Dodged            |    14 |    64 ||    78

Table legend: (Time is in decaauts)
 A = Elapsed time spent in this place.
 B = Non-inter-level travel time spent in this place.
 C = Inter-level travel time spent in this place.
 D = Time resting spent in this place.
 E = Time spent auto-exploring this place.
 F = Levels seen in this place.
 G = Mean time per level.
                   A        B        C        D        E       F      G
               +--------+--------+--------+--------+--------+-----+--------+
         Total |   3407 |   3311 |     96 |    433 |   2276 |   4 |  851.8 |
       Dungeon |   3407 |   3311 |     96 |    433 |   2276 |   4 |  851.8 |
               +--------+--------+--------+--------+--------+-----+--------+

Top non-repeatable levels by time:
     D:2: 1350 daAuts
     D:3: 1011 daAuts
     D:1: 951 daAuts
     D:4: 93 daAuts
